 Dungeon Crawl Stone Soup version 0.31.0 (webtiles) character file.

Game seed: 8185931158563192722

93 SnakkuSnakku7 the Chopper (level 4, -4/35 HPs)
             Began as a Formicid Cinder Acolyte on Jan 20, 2024.
             Was a High Priest of Ignis.
             Slain by Crazy Yiuf
             ... wielding a +2 quarterstaff of chaos
              (13 damage)
             ... on level 2 of the Dungeon.
             The game lasted 00:02:05 (1328 turns).

SnakkuSnakku7 the Chopper (Formicid Cinder Acolyte) Turns: 1328, Time: 00:02:05

Health: -4/35      AC:  8    Str: 20    XL:     4   Next: 91%
Magic:  5/5        EV:  7    Int: 14    God:    Ignis [*****.]
Gold:   83         SH:  0    Dex:  9    Spells: 5/5 levels left

rFire   + . .        a - -1 hand axe (flame)
rCold   . . .        (no shield)
rNeg    . . .        i - +0 chain mail
rPois   .            (helmet unavailable)
rElec   .            (no cloak)
rCorr   .            (no gloves)
SInv    +            (no boots)
Will    .....        (no amulet) Stlth
                     (no ring)
HPRegen 0.25/turn    (no ring)
MPRegen 0.09/turn

%: no passive effects
@: no status effects
A: permanent stasis, dig shafts and tunnels, antennae 3, four strong arms
a: Dig, Shaft Self, Renounce Religion, Fiery Armour, Foxfire Swarm, Rising Flame


You were on level 2 of the Dungeon.
You worshipped Ignis.
Ignis was extremely pleased with you.
You visited 1 branch of the dungeon, and saw 2 of its levels.

You collected 83 gold pieces.

Inventory:

Hand Weapons
 a - a -1 hand axe of flaming (weapon)
Armour
 b - a +0 robe
 i - a +0 chain mail (worn)
Scrolls
 d - a scroll of fog {unknown}
 e - 4 scrolls of revelation
 f - a scroll of acquirement {unknown}
 h - a scroll of silence {unknown}
 j - a scroll of amnesia {unknown}
Potions
 c - a potion of cancellation
 g - a potion of curing
 k - a potion of heal wounds {unknown}
 l - a potion of enlightenment {unknown}


   Skills:
 - Level 3.2 Fighting
 + Level 5.2 Axes
 - Level 1.1 Spellcasting
 - Level 3.0 Fire Magic


You had 5 spell levels left.
You didn't know any spells.
Your spell library contained the following spells:

 Spells                   Type           Power      Damage    Failure   Level
 Scorch                   Fire           18%        2d5       71%         2


Dungeon Overview and Level Annotations

Branches:
Dungeon (2/15)

Altars:

Annotations:
D:2 Crazy Yiuf


Innate Abilities, Weirdness & Mutations

You cannot be hasted, slowed, berserked, paralysed or teleported.
You can dig through walls and to a lower floor.
You have a pair of large antennae on your head. (SInv)
Your four strong arms can wield two-handed weapons with a shield.


Message History

The gnoll completely misses you.
You hit the gnoll but do no damage.
The gnoll is heavily wounded.
You hit the gnoll. You burn the gnoll.
The gnoll is heavily wounded.
You completely miss the gnoll.
The gnoll is heavily wounded.
You hit the gnoll. You burn the gnoll. The gnoll hits you but does no damage.
The gnoll hits you with a +0 flail.
You hit the gnoll. You burn the gnoll.
You kill the gnoll!
You closely miss the gnoll. The gnoll hits you with a +0 hand axe.
You hit the gnoll. You burn the gnoll.
The gnoll is severely wounded.
The gnoll hits you with a +0 hand axe. x2
You slash the gnoll! You burn the gnoll.
You kill the gnoll!
No target in view!
You see here a +0 hand axe.
l - a glowing brown potion You see here a +0 flail.
You now have 83 gold pieces (gained 3).
Things that are here:
a +0 club; a kobold corpse You see here a +0 hand axe.
You open the door.
Found a hammer.
Found a runed translucent door.
Crazy Yiuf shouts!
You sense a monster nearby.
You open the door.
Crazy Yiuf cries, "Hack!"
You hit Crazy Yiuf but do no damage.
Crazy Yiuf hits you with a +2 quarterstaff of chaos!
Crazy Yiuf freezes you.
You hit Crazy Yiuf. You burn Crazy Yiuf.
Crazy Yiuf is lightly wounded.
Crazy Yiuf hits you with a +2 quarterstaff of chaos!
* * * LOW HITPOINT WARNING * * *
You are electrocuted!
You die...

##### # #...# .
###...# . #.....# .
### ♣♣##.#.####.
#)..#♣♣ ♣♣.'..#.))...
#...g@♣♣♣♣.......)##..
#...#♣..♣.......#.##.#
### ♣♣♣.♣..'...#.##)#
♣♣♣♣♣##..#.##.#
#..#.##.# ##########
#..#..#.# ........(#
#'###...# .........#
#.# ###.. .........#
#.#####..


You could see Crazy Yiuf.

Vanquished Creatures
  3 gnolls (D:2)
  3 ribbon worms (D:2)
  A dart slug (D:1)
  4 ball pythons
  8 endoplasms
  A giant cockroach (D:1)
  6 goblins
  6 hobgoblins
  4 kobolds
  4 quokkas
  4 bats
  A frilled lizard (D:2)
  5 rats
50 creatures vanquished.

Notes
Turn   | Place    | Note
-------+----------+-------------------------------------------
     0 | D:1      | SnakkuSnakku7 the Formicid Cinder Acolyte began the quest
                  | for the Orb.
     0 | D:1      | Reached XP level 1. HP: 18/18 MP: 2/2
    37 | D:1      | Reached XP level 2. HP: 21/24 MP: 3/3
   322 | D:1      | Reached skill level 4 in Axes
   322 | D:1      | Reached XP level 3. HP: 26/29 MP: 4/4
  1114 | D:2      | Reached XP level 4. HP: 28/35 MP: 5/5
  1261 | D:2      | Identified the +6 short sword of the Forest {freeze, rPois}
  1288 | D:2      | Reached skill level 5 in Axes
  1322 | D:2      | Found a runed translucent door.
  1323 | D:2      | Noticed Crazy Yiuf
  1328 | D:2      | Slain by Crazy Yiuf

Illustrated notes

Levels and vault maps discovered:
D:1:      scummos_arrival_simple_crosswalls, layout_basic, minmay_door_square,
          minmay_misc_feat_x, minmay_pentomino_r4
D:2:      kb_forest_paths, layout_basic, serial_bayou_ford_a,
          uniq_crazy_yiuf_cottage

Skill      XL: |  1  2  3  4 |
---------------+-------------+-----
Axes           | 4 5 |  5.2
Fighting       | |  3.2
Spellcasting   | |  1.1
Fire Magic     | |  3.0

Action                     |  1- 3 |  4- 6 || total
---------------------------+-------+-------++-------
  Melee: Hand axe          |   124 |    53 ||   177
         Punch             |     1 |       ||     1
    Use: Scroll            |     3 |       ||     3
   Stab: Sleeping          |     2 |       ||     2
 Armour: Robe              |    78 |     1 ||    79
         Chain mail        |       |    41 ||    41
  Dodge: Dodged            |    84 |    18 ||   102
